Map: Disco Bloodbath LE

Players

Serral - Winner!

  • Race: Zerg Zerg
  • Spawn Location: 9:00

TIME (Oliveira)

  • Race: Terran Terran
  • Spawn Location: 3:00

Event: 2019 WCS Global FInals

VOD

Have the link to the VOD?

Description

Time

  • Played on: Oct. 25, 2019, 1:41 a.m.
  • Length: 15:38

All games in this series

Show
View Real Time Build Order
Export as new Build Order

Serral Zerg - Winner!

Build Orders: Hatch First, Muta Ling Bane 

Get SALT Encoding   

  12  0:00  Drone  
  13  0:12  Overlord  
  13  0:16  Drone  
  14  0:30  Drone x2  
  16  0:47  Hatchery  
  15  0:51  Drone  
  15  0:54  Drone  
  17  0:57  Drone  
  18  1:07  Extractor  
  17  1:12  Spawning Pool  
  17  1:15  Drone  
  17  1:18  Drone  
  18  1:27  Drone  
  19  1:38  Drone  
  20  1:50  Overlord  
  20  1:58  Queen  
  20  1:59  Zergling x2, Queen  
  20  2:00  Zergling x2  
  26  2:11  Drone x2, Metabolic Boost  
  28  2:22  Drone x2  
  30  2:32  Overlord  
  30  2:34  Drone, Queen  
  33  2:41  Drone  
  33  2:43  Drone  
  35  2:53  Drone  
  35  2:54  Drone  
  37  2:59  Pneumatized Carapace  
  37  3:04  Overlord  
  37  3:05  Drone  
  38  3:10  Hatchery  
  37  3:13  Queen  
  37  3:15  Drone  
  37  3:17  Drone  
  41  3:20  Drone x2  
  41  3:26  Overlord  
  43  3:27  Drone  
  44  3:35  Drone x2  
  46  3:44  Drone x3  
  46  3:45  Zergling x4  
  46  3:47  Overlord  
  51  3:48  Drone  
  51  3:50  Drone  
  51  3:53  Queen  
  55  4:00  Overlord  
  55  4:02  Zergling x2  
  56  4:10  Drone x2  
  56  4:14  Drone x2  
  60  4:18  Spore Crawler  
  60  4:22  Roach Warren, Zergling x4  
  60  4:23  Drone x2  
  60  4:24  Queen  
  62  4:27  Overlord  
  62  4:28  Drone  
  62  4:30  Drone  
  66  4:34  Queen  
  66  4:38  Lair  
  68  4:42  Spore Crawler, Drone  
  68  4:43  Drone  
  70  4:45  Drone x2  
  70  4:49  Extractor  
  70  4:50  Overlord, Extractor  
  70  4:51  Zergling x2  
  70  4:54  Drone x2  
  70  4:57  Drone x2  
  73  5:03  Drone x5  
  78  5:09  Drone x3  
  78  5:10  Baneling Nest  
  80  5:17  Queen x2  
  80  5:20  Overlord  
  83  5:22  Zergling x2  
  83  5:23  Drone  
  83  5:24  Drone  
  83  5:26  Drone x2  
  88  5:29  Spore Crawler  
  88  5:31  Overlord  
  88  5:33  Overlord  
  88  5:34  Drone  
  88  5:37  Drone x2  
  88  5:38  Drone  
  91  5:43  Extractor  
  91  5:45  Evolution Chamber  
  91  5:46  Zergling x2  
  91  5:47  Evolution Chamber  
  91  5:48  Overlord, Overseer  
  91  5:49  Drone x2  
  92  5:50  Drone  
  92  5:54  Centrifical Hooks  
  92  5:57  Extractor  
  91  5:58  Drone x2, Extractor  
  91  6:03  Queen  
  92  6:06  Queen  
  92  6:10  Drone x2  
  92  6:11  Drone x2  
  94  6:12  Drone  
  94  6:16  Zerg Melee Weapons Level 1  
  94  6:18  Zerg Ground Armor Level 1  
  93  6:22  Drone x3  
  96  6:26  Overlord  
  96  6:28  Zergling x4  
  98  6:35  Overlord  
  98  6:36  Spore Crawler, Zergling x2  
  98  6:37  Zergling x6  
  101  6:44  Overlord  
  101  6:45  Overlord  
  101  6:49  Zergling x14  
  108  6:57  Baneling x13  
  108  7:01  Zergling x8  
  108  7:02  Baneling x4  
  112  7:11  Zergling x6  
  115  7:16  Baneling x4  
  115  7:19  Hatchery  
  112  7:25  Zergling x14  
  114  7:32  Zergling x10  
  104  7:37  Zergling x6  
  104  7:40  Baneling x3  
  93  7:44  Zergling x6  
  93  8:01  Zergling x18  
  93  8:03  Baneling  
  93  8:04  Baneling x4  
  93  8:10  Zergling x4  
  91  8:14  Zergling x8  
  91  8:15  Baneling x3  
  91  8:16  Baneling x3, Queen  
  97  8:22  Zergling x8  
  102  8:29  Hatchery  
  99  8:39  Spire  
  95  8:42  Baneling x2  
  95  8:44  Zergling x16  
  95  8:45  Zerg Melee Weapons Level 2  
  95  8:46  Zerg Ground Armor Level 2  
  102  8:50  Drone  
  102  8:51  Drone  
  102  8:52  Drone  
  105  9:02  Baneling x3  
  103  9:03  Baneling  
  103  9:09  Zergling x10  
  106  9:20  Overlord  
  106  9:21  Drone x4  
  106  9:22  Drone x4  
  111  9:45  Zergling x4  
  111  9:46  Zergling x10  
  111  9:48  Baneling x9  
  111  9:50  Zergling x8  
  120  9:58  Mutalisk  
  120  9:59  Mutalisk x7  
  136  10:04  Mutalisk  
  136  10:05  Mutalisk x3  
  144  10:10  Baneling x11  
  144  10:13  Zergling x2  
  144  10:14  Zergling x8  
  145  10:19  Baneling x6  
  142  10:26  Zergling x12  
  142  10:28  Zerg Flyer Weapons Level 1  
  146  10:41  Zergling x16  
  153  10:48  Mutalisk x3  
  150  10:55  Drone x2  
  150  10:56  Drone x2  
  154  10:58  Drone  
  154  10:59  Mutalisk x2  
  154  11:02  Drone x2  
  154  11:03  Overseer  
  159  11:12  Drone, Infestation Pit  
  159  11:13  Hatchery  
  159  11:16  Overseer  
  158  11:18  Overlord  
  158  11:19  Overlord x4  
  158  11:20  Hatchery  
  158  11:21  Overlord  
  157  11:32  Mutalisk  
  149  11:33  Mutalisk  
  149  11:37  Drone  
  149  11:38  Drone x3, Extractor  
  154  11:40  Mutalisk x2  
  154  11:43  Overseer  
  154  11:44  Zergling x2  
  154  11:45  Zergling x16  
  166  11:54  Zergling x2  
  166  11:55  Zergling x16  
  164  12:04  Zergling x10  
  150  12:10  Mutalisk  
  150  12:11  Mutalisk x3  
  152  12:17  Baneling x5  
  152  12:21  Zergling x16  
  158  12:26  Hive  
  158  12:30  Baneling x3  
  158  12:32  Drone  
  158  12:34  Drone x6  
  164  12:43  Baneling x10  
  164  12:47  Zergling x14  
  171  12:52  Baneling x2  
  171  12:57  Zergling x14  
  178  13:02  Baneling x7  
  177  13:10  Drone x4  
  177  13:11  Drone x2  
  177  13:12  Drone  
  183  13:16  Zerg Flyer Armor Level 1  
  183  13:21  Zergling x26  
  183  13:23  Baneling x6  
  183  13:25  Baneling  
  183  13:26  Baneling x5  
  196  13:35  Zergling x6  
  197  13:43  Baneling  
  197  13:44  Baneling x10  
  197  14:00  Zergling x2  
  197  14:01  Zergling x6  
  199  14:10  Baneling x9  
  195  14:17  Zergling x10  
  195  14:22  Zergling x8  
  199  14:37  Zergling x6  
  199  14:43  Baneling  
  199  14:44  Baneling x3  
  192  14:50  Baneling  
  192  14:51  Zergling x8  
  192  14:52  Zergling x20  
  199  14:59  Zergling x12  
  194  15:06  Zergling x26  
  188  15:09  Baneling x14  
  166  15:24  Baneling x4  
Show
View Real Time Build Order
Export as new Build Order

TIME Terran 

Build Orders: Liberator Opening, Reaper Expand 

Get SALT Encoding   

  12  0:00  SCV  
  13  0:12  SCV  
  14  0:18  Supply Depot  
  14  0:25  SCV  
  15  0:40  SCV  
  15  0:41  Barracks  
  16  0:45  Refinery  
  16  0:52  SCV  
  17  1:04  SCV  
  18  1:16  SCV  
  19  1:30  Reaper, Orbital Command  
  20  1:40  Command Center  
  20  1:51  Supply Depot  
  20  1:55  SCV  
  21  2:01  Marine  
  21  2:07  SCV  
  23  2:11  Factory  
  23  2:15  Refinery  
  23  2:19  SCV  
  24  2:23  Barracks Reactor  
  24  2:31  SCV  
  25  2:46  SCV  
  26  2:52  Orbital Command  
  26  2:55  Starport  
  26  2:58  SCV  
  27  3:03  Hellion  
  27  3:04  Hellion  
  31  3:07  Marine  
  31  3:10  SCV  
  33  3:15  Liberator  
  33  3:18  SCV  
  34  3:25  Hellion x2  
  38  3:27  Supply Depot  
  38  3:33  SCV  
  43  3:34  SCV  
  43  3:36  Refinery  
  43  3:37  Barracks Tech Lab  
  43  3:45  SCV  
  43  3:46  SCV  
  45  3:49  Hellion  
  45  3:54  Hellion, Supply Depot  
  49  3:57  SCV  
  49  4:00  Fusion Core  
  50  4:03  SCV  
  50  4:09  SCV  
  52  4:15  SCV  
  53  4:21  SCV  
  53  4:23  Supply Depot  
  54  4:26  Factory Reactor  
  54  4:27  SCV  
  54  4:30  Barracks Tech Lab  
  55  4:33  SCV  
  55  4:37  Barracks  
  56  4:40  Barracks, SCV  
  57  4:45  Engineering Bay  
  57  4:47  Battlecruiser  
  57  4:48  Marine  
  64  4:54  SCV  
  64  4:56  SCV  
  64  4:58  Supply Depot  
  66  5:04  Stimpack  
  66  5:08  SCV  
  66  5:09  Supply Depot, SCV  
  66  5:11  Terran Infantry Weapons Level 1  
  66  5:12  Factory Reactor  
  66  5:13  Marine  
  69  5:20  SCV  
  70  5:23  SCV  
  70  5:26  Barracks  
  70  5:28  Marine, Refinery  
  72  5:29  Barracks, Marine  
  72  5:33  Marine x2  
  75  5:37  Supply Depot  
  75  5:41  Marine  
  76  5:45  SCV x2  
  76  5:46  Marine  
  76  5:49  Marine  
  80  5:54  Marine x2  
  82  5:58  SCV  
  82  5:59  Marine  
  82  6:00  Siege Tank  
  82  6:03  Marine  
  88  6:05  SCV  
  88  6:07  Marine  
  88  6:08  Medivac x2  
  94  6:15  Supply Depot  
  94  6:18  Supply Depot  
  94  6:22  Barracks Reactor x2  
  94  6:31  Marine x5, SCV x2  
  101  6:37  Siege Tank  
  101  6:38  Medivac x2  
  108  6:49  Marine x2, Command Center  
  108  6:51  Combat Shield  
  108  6:52  Marine  
  108  6:54  Marine  
  111  6:55  SCV  
  111  7:00  Marine  
  114  7:02  Marine  
  114  7:06  Marine  
  114  7:08  SCV  
  117  7:09  SCV  
  117  7:13  Supply Depot  
  117  7:14  Supply Depot  
  118  7:18  Marine x2  
  118  7:35  Marine x4, SCV  
  117  7:38  Marine  
  117  7:42  Marine  
  101  7:44  Marine  
  101  7:45  Marine  
  101  7:46  SCV  
  101  7:47  SCV  
  101  7:48  Medivac x2  
  109  7:51  Terran Infantry Armor Level 1  
  109  7:55  Marine  
  109  7:56  Siege Tank  
  110  7:58  SCV  
  110  8:00  Marine  
  110  8:01  Marine  
  110  8:02  SCV  
  110  8:05  Armory  
  111  8:06  Engineering Bay  
  111  8:08  Marine  
  111  8:09  Marine  
  111  8:10  Marine  
  115  8:13  Marine  
  115  8:16  Orbital Command  
  115  8:20  Marine  
  115  8:22  Marine x2  
  115  8:23  SCV  
  115  8:25  Marine  
  120  8:27  Medivac x2  
  120  8:32  Marine  
  120  8:34  Marine x2  
  125  8:35  Marine  
  125  8:36  SCV x2  
  126  8:42  Marine  
  126  8:43  Marine  
  126  8:44  SCV  
  126  8:45  Siege Tank  
  126  8:48  SCV  
  126  8:49  Marine, SCV  
  126  8:50  Refinery  
  126  8:52  Supply Depot  
  126  8:53  Marine  
  126  8:54  Drilling Claws  
  126  8:55  Terran Infantry Weapons Level 2  
  130  9:00  Marine  
  130  9:01  Marine x2  
  130  9:02  Medivac x2  
  133  9:03  SCV  
  133  9:11  Marine  
  133  9:12  Marine  
  133  9:13  SCV  
  133  9:17  Supply Depot  
  133  9:18  Marine  
  133  9:19  Siege Tank, Marine, Factory  
  133  9:21  Supply Depot  
  138  9:24  Marine  
  138  9:26  Marine, Missile Turret  
  140  9:35  Marine x2  
  140  9:37  Marine  
  140  9:38  Marine  
  144  9:41  Medivac x2  
  148  9:46  Marine  
  148  9:51  Marine  
  148  9:52  Siege Tank  
  153  9:59  Supply Depot, Marine  
  154  10:01  Marine  
  154  10:02  Marine  
  154  10:03  Command Center  
  154  10:05  Terran Infantry Armor Level 2  
  154  10:06  Supply Depot, Marine  
  155  10:08  Terran Vehicle And Ship Armor Level 1  
  155  10:11  Medivac, Factory Reactor  
  155  10:13  Marine  
  157  10:16  Marine  
  157  10:17  Marine x2  
  157  10:20  Marine  
  155  10:21  SCV x2  
  155  10:25  Marine  
  155  10:26  Barracks, Siege Tank  
  155  10:27  Medivac  
  163  10:31  Barracks  
  163  10:33  Barracks, Marine x2  
  163  10:36  Marine  
  163  10:39  Marine  
  156  10:46  Marine  
  153  10:51  Marine x2  
  153  10:52  Widow Mine x2, Marine  
  153  10:54  Medivac  
  153  10:55  Marine  
  153  10:56  Marine  
  157  10:58  Marine  
  157  11:01  Medivac  
  157  11:02  SCV x2  
  157  11:03  SCV  
  163  11:09  Missile Turret  
  162  11:11  Missile Turret  
  162  11:15  Marine, Missile Turret x2  
  163  11:22  Thor  
  163  11:25  Marine  
  162  11:31  Marine  
  162  11:32  Widow Mine x2, Marine  
  163  11:33  Medivac  
  163  11:36  Marine x2  
  163  11:37  Marine  
  163  11:38  Barracks Tech Lab  
  168  11:40  Planetary Fortress  
  168  11:45  Barracks Tech Lab x2  
  168  11:46  Marine  
  169  11:50  Marine x2  
  169  11:52  Medivac  
  173  11:56  Marine  
  173  11:57  Marine x2  
  173  11:58  Marauder  
  171  12:06  Marine  
  171  12:07  Marauder  
  149  12:11  Thor, Widow Mine x2  
  149  12:12  Marine x4  
  163  12:24  Marine x2, Marauder  
  163  12:26  Marine x2  
  165  12:31  Marine  
  168  12:37  Marauder  
  168  12:39  Marine x2  
  168  12:40  Marauder  
  172  12:45  Marine x2  
  172  12:46  Marine, Marauder  
  172  12:48  SCV x2  
  172  12:50  Marine x2  
  181  12:52  Widow Mine  
  181  12:55  Supply Depot, Marine  
  183  12:59  Marine, Refinery  
  183  13:05  Marine  
  184  13:09  Marine  
  184  13:11  Marine  
  184  13:12  Armory, Marine  
  188  13:15  Widow Mine x2  
  188  13:18  Marine, Command Center  
  193  13:23  Command Center  
  193  13:24  Missile Turret  
  193  13:30  Marine  
  193  13:31  Marauder  
  196  13:39  Marine x3  
  196  13:40  Marauder  
  199  13:52  Marine  
  200  13:56  Orbital Command  
  188  14:30  Marine x2  
  187  14:34  Marine x3  
  187  14:35  Marauder  
  192  14:44  Marine x2  
  192  14:45  Marine  
  186  14:46  Marauder  
  186  14:47  Marine  
  186  14:49  Marine  
  186  14:52  Marine x2  
  178  14:54  Marine  
  178  14:59  Marine  
  157  15:01  Widow Mine, Marine  
  157  15:02  Marine  
  157  15:03  Widow Mine, Marine  
  157  15:05  Marine  
  129  15:08  Marauder  
  129  15:10  Marine  
  127  15:19  Marine  
  127  15:20  Marine  
  105  15:26  Barracks  
  102  15:29  Barracks  
  102  15:30  Barracks x2  
Tags
 
Add a new tag
Caveats
  • Supply blocks, unpowered buildings, or Contaminate may cause inaccurate times.
  • Supply counts are checked every 10 seconds.